 Dungeon Crawl Stone Soup version 0.23.2-33-g5129a83184 (webtiles) character file.

Game seed: 89525393438698286

338 redmage the Digger (level 6, 27/44 HPs)
             Began as a Gnoll Earth Elementalist on July 3, 2019.
             Was a Follower of Okawaru.
             Quit the game on level 6 of the Dungeon.
             The game lasted 00:12:15 (717 turns).

redmage the Digger (Gnoll Earth Elementalist)        Turns: 717, Time: 00:12:15

Health: 27/44      AC:  2    Str: 12    XL:     6   Next: 55%
Magic:  4/14       EV: 18    Int: 17    God:    Okawaru [*.....]
Gold:   84         SH:  0    Dex: 16    Spells: 9/15 levels left

rFire    . . .     SeeInvis .   i - -3 quarterstaff (curse)
rCold    . . .     Gourm    .   (shield currently unavailable)
rNeg     . . .     Faith    .   c - +0 robe
rPois    .         Spirit   .   (no helmet)
rElec    .         Reflect  .   (no cloak)
rCorr    .         Harm     .   (no gloves)
MR       .....                  (no boots)
Stlth    +++.......             (no amulet)
HPRegen  0.14/turn              h - +3 ring of evasion
MPRegen  0.14/turn              (no ring)

@: no status effects
A: distributed training, fangs 1, strong nose
a: Heroism, Renounce Religion


You were on level 6 of the Dungeon.
You worshipped Okawaru.
Okawaru was aware of your devotion.
You were not hungry.

You visited 2 branches of the dungeon, and saw 8 of its levels.

You collected 84 gold pieces.

Inventory:

Hand Weapons
 e - a +0 short sword
 i - a cursed -3 quarterstaff (weapon)
Missiles
 b - 23 stones (quivered)
Armour
 c - a +0 robe (worn)
Jewellery
 h - a +3 ring of evasion (left hand)
Wands
 m - a wand of polymorph (11)
Scrolls
 a - 6 scrolls of identify
 f - a scroll of magic mapping
 k - a scroll of amnesia
Potions
 g - a potion of heal wounds
 j - a potion of curing
 l - a potion of berserk rage {unknown}
Comestibles
 d - 6 rations


   Skills:
 + Level 2.0 Fighting
 + Level 2.0 Short Blades
 + Level 2.0 Long Blades
 + Level 2.0 Axes
 + Level 2.0 Maces & Flails
 + Level 2.0 Polearms
 + Level 2.0 Staves
 + Level 2.0 Slings
 + Level 2.0 Bows
 + Level 2.0 Crossbows
 + Level 2.0 Throwing
 + Level 2.0 Armour
 + Level 5.0 Dodging
 + Level 4.6 Stealth
 + Level 2.0 Shields
 + Level 2.0 Unarmed Combat
 + Level 5.3 Spellcasting
 + Level 1.5 Conjurations
 + Level 1.5 Hexes
 + Level 1.5 Charms
 + Level 1.5 Summonings
 + Level 1.5 Necromancy
 + Level 1.5 Translocations
 + Level 2.6 Transmutations
 + Level 1.5 Fire Magic
 + Level 1.5 Ice Magic
 + Level 1.5 Air Magic
 + Level 5.6 Earth Magic
 + Level 1.5 Poison Magic
 + Level 2.1 Invocations
 + Level 2.0 Evocations


You had 9 spell levels left.
You knew the following spells:

 Your Spells              Type           Power        Failure   Level  Hunger
a - Sandblast             Erth           ###...       1%          1    None
b - Passwall              Tmut/Erth      ###.....     3%          2    #......
c - Stone Arrow           Conj/Erth      ###...       10%         3    ##.....

Your spell library contained the following spells:

 Spells                   Type           Power        Failure   Level  Hunger
 Freeze                   Ice            #...         8%          1    None
 Throw Frost              Conj/Ice       #.....       11%         2    #......
 Ozocubu's Armour         Chrm/Ice       #.......     22%         3    ##.....
 Petrify                  Tmut/Erth      ###.....     24%         4    ####...
 Lee's Rapid Deconstruct  Erth           ###.......   36%         5    ######.
 Summon Ice Beast         Ice/Summ       #.......     58%         4    ####...
 Throw Icicle             Conj/Ice       #.......     58%         4    ####...


Dungeon Overview and Level Annotations

Branches:
Dungeon (7/15)             Temple (1/1) D:4

Altars:
Cheibriados
Hepliaklqana
Okawaru
Zin

Annotations:
D:4 Pikel
D:6 Prince Ribbit


Innate Abilities, Weirdness & Mutations

Your experience applies equally to all skills.
You have very sharp teeth.
Your uncanny sense of smell can sniff out nearby items.


Message History

Okawaru accepts your kill.
Your Fighting skill increases to level 2!
Your Short Blades skill increases to level 2!
Your Long Blades skill increases to level 2!
Your Axes skill increases to level 2!
Your Maces & Flails skill increases to level 2!
Your Polearms skill increases to level 2!
Your Staves skill increases to level 2!
Your Slings skill increases to level 2!
Your Bows skill increases to level 2!
Your Crossbows skill increases to level 2!
Your Throwing skill increases to level 2!
Your Armour skill increases to level 2!
Your Dodging skill increases to level 5!
Your Shields skill increases to level 2!
Your Unarmed Combat skill increases to level 2!
Your Evocations skill increases to level 2!
b - 23 stones
Things that are here:
a +0 shortbow; 17 arrows; a centaur corpse Are you sure you want to abandon this character and quit the game? (Confirm with "yes".)

....†.......#.................'..
##..##>###..###..###..####.####..
#####.###..###..###### ##.######
..........(....# .........
.......>.......# .........
................# ..........
#########..###(.## ##...##....
#..###..##.###...##....
#....#.@.....# ........
+....#.......+ ........
#....#....<..# .........
############## #########


There were no monsters in sight!

Vanquished Creatures
  A phantom (D:7)
  A centaur (D:6)
  2 bullfrogs
  A bullfrog skeleton (D:6)
  2 adders
  3 goblins (D:1)
  2 bats (D:2)
  A jackal skeleton (D:4)
  3 kobolds
  A rat (D:1)
17 creatures vanquished.

Notes
Turn   | Place    | Note
-------+----------+-------------------------------------------
     0 | D:1      | redmage the Gnoll Earth Elementalist began the quest for
                  | the Orb.
     0 | D:1      | Reached XP level 1. HP: 13/13 MP: 6/6
   119 | D:2      | Reached XP level 2. HP: 17/19 MP: 5/7
   138 | D:2      | Learned a level 2 spell: Passwall
   297 | D:5      | Entered Level 5 of the Dungeon
   360 | D:4      | Found a staircase to the Ecumenical Temple.
   374 | Temple   | Entered the Ecumenical Temple
   392 | Temple   | Became a worshipper of Warmaster Okawaru
   482 | D:4      | Noticed Pikel
   482 | D:4      | Noticed a slave
   482 | D:4      | Noticed a slave
   482 | D:4      | Noticed a slave
   482 | D:4      | Noticed a slave
   492 | D:6      | Reached skill level 5 in Spellcasting
   492 | D:6      | Reached skill level 1 in Invocations
   492 | D:6      | Reached XP level 3. HP: 25/25 MP: 4/9
   514 | D:6      | Learned a level 3 spell: Stone Arrow
   549 | D:6      | Noticed a black bear
   569 | D:6      | Noticed Prince Ribbit
   610 | D:6      | Noticed a bullfrog
   614 | D:6      | Killed a bullfrog
   614 | D:6      | Reached skill level 1 in Fighting
   614 | D:6      | Reached skill level 1 in Short Blades
   614 | D:6      | Reached skill level 1 in Long Blades
   614 | D:6      | Reached skill level 1 in Axes
   614 | D:6      | Reached skill level 1 in Maces & Flails
   614 | D:6      | Reached skill level 1 in Polearms
   614 | D:6      | Reached skill level 1 in Staves
   614 | D:6      | Reached skill level 1 in Slings
   614 | D:6      | Reached skill level 1 in Bows
   614 | D:6      | Reached skill level 1 in Crossbows
   614 | D:6      | Reached skill level 1 in Throwing
   614 | D:6      | Reached skill level 1 in Armour
   614 | D:6      | Reached skill level 1 in Shields
   614 | D:6      | Reached skill level 1 in Unarmed Combat
   614 | D:6      | Reached skill level 1 in Conjurations
   614 | D:6      | Reached skill level 1 in Hexes
   614 | D:6      | Reached skill level 1 in Charms
   614 | D:6      | Reached skill level 1 in Summonings
   614 | D:6      | Reached skill level 1 in Necromancy
   614 | D:6      | Reached skill level 1 in Translocations
   614 | D:6      | Reached skill level 1 in Fire Magic
   614 | D:6      | Reached skill level 1 in Ice Magic
   614 | D:6      | Reached skill level 1 in Air Magic
   614 | D:6      | Reached skill level 1 in Poison Magic
   614 | D:6      | Reached skill level 1 in Evocations
   614 | D:6      | Reached XP level 4. HP: 24/32 MP: 6/11
   633 | D:6      | Reached XP level 5. HP: 30/37 MP: 6/12
   651 | D:7      | Noticed a phantom
   652 | D:7      | Reached * piety under Okawaru
   666 | D:7      | Killed a phantom
   666 | D:7      | Reached XP level 6. HP: 40/44 MP: 0/13
   702 | D:7      | Noticed an orc warrior
   714 | D:6      | Reached skill level 5 in Dodging
   717 | D:6      | Quit the game

Skill      XL: |  1  2  3  4  5  6 |
---------------+-------------------+-----
Transmutations | 2 |  2.6
Spellcasting   | 5 |  5.3
Invocations    | 1 2 |  2.1
Fighting       | 1 2 |  2.0
Short Blades   | 1 2 |  2.0
Long Blades    | 1 2 |  2.0
Axes           | 1 2 |  2.0
Maces & Flails | 1 2 |  2.0
Polearms       | 1 2 |  2.0
Staves         | 1 2 |  2.0
Slings         | 1 2 |  2.0
Bows           | 1 2 |  2.0
Crossbows      | 1 2 |  2.0
Throwing       | 1 2 |  2.0
Armour         | 1 2 |  2.0
Shields        | 1 2 |  2.0
Unarmed Combat | 1 2 |  2.0
Conjurations   | 1 |  1.5
Hexes          | 1 |  1.5
Charms         | 1 |  1.5
Summonings     | 1 |  1.5
Necromancy     | 1 |  1.5
Translocations | 1 |  1.5
Fire Magic     | 1 |  1.5
Ice Magic      | 1 |  1.5
Air Magic      | 1 |  1.5
Poison Magic   | 1 |  1.5
Evocations     | 1 2 |  2.0
Dodging        | 5 |  5.0
Stealth        | |  4.6
Earth Magic    | |  5.6

Action                   |  1- 3 |  4- 6 || total
-------------------------+-------+-------++-------
Melee: Short sword       |    12 |       ||    12
       Quarterstaff      |     4 |       ||     4
 Cast: Sandblast         |    10 |    17 ||    27
       Passwall          |     4 |       ||     4
  Use: Scroll            |     4 |       ||     4
 Stab: Sleeping          |     3 |       ||     3
Armor: Robe              |     6 |       ||     6
Dodge: Dodged            |    15 |     3 ||    18
